 Dungeon Crawl Stone Soup version 0.29-a0-298-g3c90f9a769 (webtiles) character file.

Game seed: 7119739576774398561

3752 Leszczynek the Cleaver (level 10, 9/80 HPs)
             Began as a Human Gladiator on Mar 23, 2022.
             Was a Priest of Jiyva.
             Quit the game on level 8 of the Dungeon.
             The game lasted 00:19:10 (2770 turns).

Leszczynek the Cleaver (Human Gladiator)            Turns: 2770, Time: 00:19:11

Health: 9/80       AC:  8    Str: 18    XL:     10   Next: 37%
Magic:  11/11      EV: 13    Int:  8    God:    Jiyva [***...]
Gold:   262        SH:  0    Dex: 16    Spells: 9/9 levels left

rFire   . . .      SeeInvis .   a - +1 war axe
rCold   . . .      Faith    .   (no shield)
rNeg    . . .      Spirit   .   f - +0 ring mail
rPois   .          Reflect  .   c - +0 helmet
rElec   .          Harm     .   e - +0 cloak
rCorr   +          Rampage  .   d - +0 pair of gloves
Will    .....                   (boots unavailable)
Stlth   +.........              (no amulet)
HPRegen 1.35/turn               (no ring)
MPRegen 0.47/turn               (no ring)

@: lethally poisoned (9 -> -10), marked
A: hooves 3, high MP 1
a: Renounce Religion, Oozemancy


You were on level 8 of the Dungeon.
You worshipped Jiyva.
Jiyva was most pleased with you.
You visited 1 branch of the dungeon, and saw 9 of its levels.

You collected 262 gold pieces.

Inventory:

Hand Weapons
 a - a +1 war axe (weapon)
 b - a +3 great sword
 k - a +0 flail
Missiles
 h - 12 poisoned darts (quivered)
 m - a curare-tipped dart
Armour
 c - a +0 helmet (worn)
 d - a +0 pair of gloves (worn)
 e - a +0 cloak (worn)
 f - a +0 ring mail (worn)
 g - a +0 plate armour
 i - a +0 tower shield
Scrolls
 j - a scroll of blinking
 l - a scroll of enchant weapon


   Skills:
 - Level 8.0 Fighting
 + Level 11.5 Axes
 - Level 2.0 Throwing
 - Level 5.2 Dodging


You had 9 spell levels left.
You didn't know any spells.
Your spell library was empty.

Dungeon Overview and Level Annotations

Branches:
Dungeon (9/15)             Temple (0/1) D:7
   Lair: D:8-11         Orc: D:9-12

Altars:
Hepliaklqana
Qazlal
Ru
Zin
The Shining One
Jiyva

Annotations:
D:8 Amaemon
D:9 Harold


Innate Abilities, Weirdness & Mutations

You have hooves in place of feet.
You have an increased reservoir of magic. (+10% MP)


Message History

Amaemon is moderately wounded.
The walls burn Amaemon!
Amaemon hits you with a +0 demon whip of venom!
You are poisoned.
Amaemon misses you.
Amaemon tail-slaps you but does no damage.
You barely miss Amaemon. Your kick misses Amaemon.
Amaemon is moderately wounded.
You feel very sick.
The walls burn Amaemon!
Amaemon hits you with a +0 demon whip of venom!
You are more poisoned.
Amaemon claws you. Amaemon barely misses you.
You hit Amaemon.
Amaemon is moderately wounded.
You feel very sick.
You hear a distant slurping noise.
You closely miss Amaemon. You kick Amaemon!
Amaemon is heavily wounded.
You feel very sick.
The walls burn Amaemon!
Amaemon barely misses you. Amaemon claws you.
Amaemon tail-slaps you but does no damage.
You slash Amaemon!
Amaemon is severely wounded.
You feel very sick.
The walls burn Amaemon!
Amaemon hits you with a +0 demon whip of venom!
You are lethally poisoned!
Amaemon barely misses you. x2
You hit Amaemon. You kick Amaemon, but do no damage.
Amaemon is severely wounded.
You stop calling forth ooze.
* * * LOW HITPOINT WARNING * * *
You feel extremely sick. Amaemon closely misses you. Amaemon claws you!
* * * LOW HITPOINT WARNING * * *
Amaemon closely misses you.
Unknown command.
You aren't carrying any potions.
Are you sure you want to abandon this character and quit the game? (Confirm with "yes".)

.#.#.#.#.#.#.#.#.#.##
#.#.#.#.#(#.#.#.#.#.#
.#.#.#.#.#.#.#.#.#.###
#.#.#.#.#.#>#.#.#.#.......
.#.#.#.#.#.#.#.#.#.#######
#.#.#.#.#.#.#.#.#.#.#
.#.#.#.#.#.#.#(#.#.#.#
#.#.#.#.#.#.#.#6#.#..#
.#.#.#.#.#.#.#.#@#.#.#
#.#.#.#.#.#.#.#.#.#..#
.#.#.#.#.#.#.#.# #.###
#.#. .#.#.#.#.# #.# .#.
.#.#.#.# ## .. ...##. . #.
#


You could see Amaemon.

Vanquished Creatures
  Maurice (D:8)
  An orange demon (D:8)
  A hornet (D:6)
  Prince Ribbit (D:6)
  Sigmund (D:6)
  3 yaks (D:8)
  Eustachio (D:6)
  A wyvern (D:6)
  A steam dragon (D:4)
  An orc warrior (D:8)
  2 sky beasts (D:6)
  A black bear (D:6)
  3 centaurs
  A phantom (D:6)
  2 kobold brigands
  3 bullfrogs
  A scorpion (D:5)
  2 necrophages
  4 wights
  A killer bee (D:6)
  A hound (D:5)
  3 orc priests
  4 iguanas
  2 orc wizards
  5 adders
  A white imp (D:6)
  An ufetubus (D:4)
  A dart slug (D:5)
  5 orcs
  4 goblins
  4 hobgoblins
  7 jackals
  12 kobolds
  2 quokkas
  3 bats (D:1)
  A frilled lizard (D:3)
  2 rats
90 creatures vanquished.

Vanquished Creatures (others)
  2 centaurs (D:6)
  A kobold brigand (D:8)
  10 jellies
  3 killer bees (D:7)
  An orc priest (D:7)
  An orc wizard (D:6)
  An ufetubus (D:5)
  9 orcs
  A ball python (D:4)
  3 endoplasms
  2 goblins (D:4)
  2 hobgoblins
  3 kobolds (D:8)
  A rat (D:3)
  9 plants (D:7)
49 creatures vanquished.

Grand Total: 139 creatures vanquished

Notes
Turn   | Place    | Note
-------+----------+-------------------------------------------
     0 | D:1      | Leszczynek the Human Gladiator began the quest for the Orb.
     0 | D:1      | Reached XP level 1. HP: 16/16 MP: 1/1
    72 | D:1      | Found a faded altar of an unknown god.
    85 | D:1      | Prayed at the altar of an unknown god.
    85 | D:1      | Became a worshipper of Jiyva Joinanki the Shapeless
    85 | D:1      | Reached * piety under Jiyva
   205 | D:1      | Reached XP level 2. HP: 21/22 MP: 2/2
   293 | D:2      | Reached skill level 4 in Axes
   293 | D:2      | Reached XP level 3. HP: 27/27 MP: 3/3
   478 | D:4      | Reached ** piety under Jiyva
   599 | D:3      | Reached XP level 4. HP: 33/33 MP: 4/4
   786 | D:4      | Noticed a steam dragon
   839 | D:4      | Killed a steam dragon
   840 | D:4      | Reached skill level 5 in Axes
   881 | D:5      | Entered Level 5 of the Dungeon
   907 | D:5      | Noticed a scorpion
   916 | D:5      | Killed a scorpion
   917 | D:5      | Reached skill level 3 in Fighting
   917 | D:5      | Reached XP level 5. HP: 41/41 MP: 5/5
  1022 | D:5      | Reached XP level 6. HP: 47/47 MP: 6/6
  1141 | D:6      | Reached *** piety under Jiyva
  1151 | D:6      | Noticed a hornet
  1159 | D:5      | Gained mutation: You have large cloven feet. [Jiyva's
                  | grace]
  1159 | D:5      | Gained mutation: You have hoof-like feet. [Jiyva's grace]
  1159 | D:5      | Gained mutation: You have hooves in place of feet. [Jiyva's
                  | grace]
  1159 | D:5      | Gained mutation: You have an increased reservoir of magic.
                  | (+10% MP) [Jiyva's grace]
  1201 | D:5      | Reached skill level 6 in Axes
  1431 | D:6      | Reached skill level 7 in Axes
  1431 | D:6      | Reached XP level 7. HP: 52/52 MP: 7/7
  1453 | D:6      | Reached skill level 4 in Fighting
  1461 | D:6      | Noticed Eustachio
  1466 | D:6      | Killed Eustachio
  1495 | D:6      | Reached skill level 8 in Axes
  1495 | D:6      | Reached XP level 8. HP: 59/60 MP: 8/8
  1555 | D:6      | Killed a hornet
  1556 | D:6      | Reached skill level 5 in Fighting
  1564 | D:6      | Reached skill level 6 in Fighting
  1731 | D:7      | Noticed a wyvern
  1801 | D:6      | Noticed Prince Ribbit
  1808 | D:6      | HP: 8/64 [Prince Ribbit (6)]
  1829 | D:6      | Killed Prince Ribbit
  1830 | D:6      | Reached skill level 9 in Axes
  1830 | D:6      | Reached XP level 9. HP: 34/69 MP: 9/9
  1882 | D:6      | Reached skill level 10 in Axes
  1988 | D:6      | Noticed Sigmund
  1997 | D:6      | Killed Sigmund
  1998 | D:6      | Reached skill level 7 in Fighting
  2057 | D:7      | Noticed an angel
  2058 | D:7      | Found a glowing silver altar of Zin.
  2068 | D:7      | Found a staircase to the Ecumenical Temple.
  2126 | D:8      | Noticed Maurice
  2159 | D:8      | HP: 8/72 [something/puff of flame (12)]
  2162 | D:8      | Killed Maurice
  2163 | D:8      | Reached skill level 5 in Dodging
  2190 | D:8      | Reached XP level 10. HP: 33/79 MP: 11/11
  2193 | D:8      | Noticed an orange demon
  2194 | D:8      | Noticed Amaemon
  2270 | D:7      | Reached skill level 11 in Axes
  2312 | D:7      | Found a hazy altar of Hepliaklqana.
  2312 | D:7      | Found a sacrificial altar of Ru.
  2314 | D:7      | Found a stormy altar of Qazlal.
  2314 | D:7      | Found a glowing golden altar of the Shining One.
  2481 | D:8      | Killed an orange demon
  2482 | D:8      | Reached skill level 8 in Fighting
  2734 | D:9      | Noticed Harold
  2769 | D:8      | HP: 16/80 [poisoned by Amaemon]
  2770 | D:8      | Quit the game

Illustrated notes

Levels and vault maps discovered:
D:1:      dpeg_arrival_shelter, layout_basic, hellmonk_ecumenical_altar_zigzags
D:2:      layout_basic, uniq_terence
D:3:      minmay_inner_zag, layout_basic, ebering_ghost_gozag
D:4:      layout_loops_ring
D:5:      layout_basic
D:6:      nicolae_whirlpool, layout_loops_cross, uniq_pikel, uniq_eustachio,
          uniq_sigmund, uniq_prince_ribbit1
D:7:      layout_cave_pods, mainiacjoe_overflow_alcove_3, zin_angel,
          minmay_temple_entry_gardened_gates, nicolae_underground_beach
D:8:      layout_basic, grunt_decor_cap, uniq_maurice, uniq_amaemon
D:9:      layout_irregular_city, gammafunk_ghost_split, uniq_harold

Skill      XL: |  1  2  3  4  5  6  7  8  9 10 |
---------------+-------------------------------+-----
Axes           | 4 5 7 8 9 10 11 | 11.5
Fighting       | 3 4 6 7 8 |  8.0
Dodging        | 5 |  5.2
Throwing       | |  2.0

Action                   |  1- 3 |  4- 6 |  7- 9 | 10-12 || total
-------------------------+-------+-------+-------+-------++-------
Melee: War axe           |    49 |    60 |   127 |    56 ||   292
       Punch             |     2 |       |       |       ||     2
       Kick              |       |     7 |    44 |    16 ||    67
Throw: Throwing net      |     2 |     2 |       |       ||     4
       Javelin           |       |     1 |       |       ||     1
       Dart              |       |       |    18 |     5 ||    23
Invok: Oozemancy         |       |       |     3 |     2 ||     5
  Use: Scroll            |       |     2 |     1 |       ||     3
       Potion            |       |       |     1 |       ||     1
 Stab: Held in net/web   |       |     2 |       |       ||     2
Armor: Ring mail         |    30 |    27 |    50 |    25 ||   132
Dodge: Dodged            |    36 |    53 |    75 |    34 ||   198

Table legend: (Time is in decaauts)
 A = Elapsed time spent in this place.
 B = Non-inter-level travel time spent in this place.
 C = Inter-level travel time spent in this place.
 D = Time resting spent in this place.
 E = Time spent auto-exploring this place.
 F = Levels seen in this place.
 G = Mean time per level.
                   A        B        C        D        E       F      G
               +--------+--------+--------+--------+--------+-----+--------+
         Total |   2826 |   2586 |    240 |     16 |      0 |   9 |  314.0 |
       Dungeon |   2826 |   2586 |    240 |     16 |      0 |   9 |  314.0 |
               +--------+--------+--------+--------+--------+-----+--------+

Top non-repeatable levels by time:
     D:7: 542 daAuts
     D:6: 495 daAuts
     D:8: 469 daAuts
     D:5: 409 daAuts
     D:4: 361 daAuts
     D:1: 275 daAuts
     D:3: 155 daAuts
     D:2: 115 daAuts
     D:9: 1 daAuts
